 Dungeon Crawl Stone Soup version 0.17.1-3-g152610e (webtiles) character file.

51 Gargoyl the Skirmisher (level 3, -1/29 HPs)
             Began as a Demonspawn Abyssal Knight on Apr 14, 2016.
             Was a Believer of Lugonu.
             Slain by Sigmund
             ... wielding a +0 scythe
              (8 damage)
             ... on level 2 of the Dungeon.
             The game lasted 00:04:19 (1905 turns).

Gargoyl the Skirmisher (Demonspawn Abyssal Knight)  Turns: 1905, Time: 00:04:19

Health: -1/29      AC:  9    Str: 13    XL:     3   Next: 58%
Magic:  5/5        EV:  9    Int: 18    God:    Lugonu [**....]
Gold:   41         SH:  0    Dex: 12    Spells: 0 memorised, 2 levels left

rFire  . . .     SeeInvis .     a - +1 hand axe
rCold  . . .     Clarity  .     g - +0 scale mail
rNeg   + . .     SustAt   .     (no shield)
rPois  .         Gourm    .     m - +0 helmet (curse)
rElec  .         Spirit   .     (no cloak)
rCorr  .         Warding  .     (no gloves)
rMut   .         Stasis   .     (no boots)
MR     .....                    (no amulet)
Stlth  ..........               (no ring)
                                d - ring of positive energy

@: brilliant, lethally poisoned (-1 -> -8), flying, very slightly contaminated,
hasted, very quick, not resistant to hostile enchantments, extremely unstealthy
A: yellow scales 1, rot immunity
a: Depart the Abyss, Bend Space, Renounce Religion


You were on level 2 of the Dungeon.
You worshipped Lugonu.
Lugonu was pleased with you.
You were hungry.

You visited 1 branch of the dungeon, and saw 2 of its levels.
You visited the Abyss 1 time.

You collected 41 gold pieces.

Inventory:

Hand Weapons
 a - a +1 hand axe (weapon)
 n - a +0 club
Armour
 g - a +0 scale mail (worn)
 m - a cursed +0 helmet (worn)
Jewellery
 d - a ring of positive energy (left hand)
Wands
 e - a wand of flame (25)
Scrolls
 b - 2 scrolls of remove curse {unknown}
 h - 2 scrolls of enchant armour {unknown}
 i - a scroll of random uselessness {unknown}
 j - a scroll of recharging {unknown}
 k - a scroll of magic mapping {unknown}
 q - a scroll of teleportation {unknown}
 r - 3 scrolls of enchant weapon {unknown}
Potions
 f - a potion of haste
 s - a potion of poison
Comestibles
 c - 2 bread rations
 l - 2 beef jerkies
 p - 4 fruits
 u - a slice of pizza
 w - a meat ration


   Skills:
 + Level 3.4 Fighting
 + Level 1.9 Axes
 * Level 2.6 Armour
 + Level 1.2 Dodging
 + Level 3.2 Invocations


You had 2 spell levels left.
You didn't know any spells.

Dungeon Overview and Level Annotations

Branches:
Dungeon (2/15)

Altars:
Fedhas
Sif Muna

Annotations:
D:2 Sigmund


Innate Abilities, Weirdness & Mutations

You are partially covered in yellow scales (AC +2).
You are immune to rotting.


Message History

Drink which item? (? for menu, Esc to quit)
You feel as though your hastened speed will last longer.
Something hits you.
Drink which item? (? for menu, Esc to quit)
It was a potion of poison.
That liquid tasted very nasty...
You are poisoned.
You feel sick.
Drink which item? (? for menu, Esc to quit)
It was a potion of brilliance.
You feel clever all of a sudden. Something hits you.
* * * LOW HITPOINT WARNING * * *
Drink which item? (? for menu, Esc to quit)
It was a potion of flight.
You feel very buoyant.
You fly up into the air.
* * * LOW HITPOINT WARNING * * *
You feel sick.
You closely miss something. Something hits you!
You die...

#### #..# # ##..## ######
##....######### .....#
#....<.#......# .###.# ####
#.....##......#
.###'###..###.#..## ......#
##≈≈.≈≈##.....#..###......#
#≈≈≈.≈≈≈#.......@{........#
#≈≈...≈≈#..#####.###......#
#≈≈._.≈≈#..## #.## ......#
#≈≈...≈≈#...# #..# ......#
#≈≈≈≈≈≈≈#...# ##.# ......#
##≈≈≈≈≈##...# #.##@.....#
.#######..#.#####..############
.....# #......................#
.....# #................#######


There were no monsters in sight!

Vanquished Creatures
  Robin (D:2)
  An ooze (D:1)
  A giant gecko (D:2)
  A ball python (D:1)
  4 giant cockroaches
  12 goblins
  5 hobgoblins
  3 kobolds (D:1)
  2 giant newts (D:2)
  4 rats
34 creatures vanquished.

Notes
Turn   | Place    | Note
--------------------------------------------------------------
     0 | Abyss:1  | Gargoyl the Demonspawn Abyssal Knight began the quest for the Orb.
     0 | Abyss:1  | Reached XP level 1. HP: 18/18 MP: 2/2
    89 | Abyss:2  | Noticed a rust devil
    90 | D:1      | Escaped the Abyss
   289 | D:1      | Gained mutation: You are immune to rotting. [demonic ancestry]
   289 | D:1      | Reached XP level 2. HP: 24/24 MP: 4/4
   366 | D:1      | Reached * piety under Lugonu
   929 | D:2      | Noticed Robin
  1053 | D:1      | Reached skill level 1 in Dodging
  1053 | D:1      | Gained mutation: You are partially covered in yellow scales (AC +2). [demonic ancestry]
  1053 | D:1      | Reached XP level 3. HP: 15/29 MP: 5/5
  1237 | D:2      | Killed Robin
  1565 | D:2      | Found a blossoming altar of Fedhas.
  1619 | D:2      | Reached ** piety under Lugonu
  1778 | D:2      | Found a deep blue altar of Sif Muna.
  1828 | D:2      | Noticed Sigmund
  1905 | D:2      | Slain by Sigmund

Action                   || total
-------------------------++-------
Melee: Hand axe          ||    86
       Unarmed           ||     7
Invok: Depart the Abyss  ||     1
  Use: Potion            ||     7
  Eat: Chunk             ||     3
